 Dungeon Crawl Stone Soup version 0.27.0-1-g7a089689b8 (webtiles) character file.

Game seed: 10481612014260971721

1166 MajorAdolf the Covert (level 8, -2/72 HPs)
             Began as a Naga Wanderer on Aug 3, 2021.
             Was an Initiate of Sif Muna.
             Shot with an arrow by a centaur warrior (17 damage)
             ... on level 9 of the Dungeon.
             The game lasted 00:11:58 (9578 turns).

MajorAdolf the Covert (Naga Wanderer)               Turns: 9578, Time: 00:11:58

Health: -2/72      AC:  7    Str: 19    XL:     8   Next: 40%
Magic:  11/11      EV:  5    Int: 13    God:    Sif Muna [......]
Gold:   265        SH: 13    Dex: 14    Spells: 6/7 levels left

rFire    . . .     SeeInvis +   z - +1 dagger (elec)
rCold    . . .     Faith    .   y - +0 tower shield
rNeg     . . .     Spirit   .   d - +0 robe
rPois    +         Reflect  .   (no helmet)
rElec    .         Harm     .   (no cloak)
rCorr    .         Rampage  .   (no gloves)
Will     +....                  (no barding)
Stlth    ++++......             (no amulet)
HPRegen  0.22/turn              e - +6 ring of strength
MPRegen  0.12/turn              j - +4 ring of protection

@: about to teleport, very slow
A: AC +2, large, see invisible, deformed body, poison resistance, slowness 2,
spit poison 1, naga tail 1
a: Spit Poison, Renounce Religion


You were on level 9 of the Dungeon.
You worshipped Sif Muna.
Sif Muna was noncommittal.
You visited 2 branches of the dungeon, and saw 9 of its levels.

You collected 265 gold pieces.

Inventory:

Hand Weapons
 a - a +2 mace
 k - a +1 dagger of draining
 z - a +1 dagger of electrocution (weapon)
Armour
 d - a +0 robe (worn)
 y - a +0 tower shield (worn)
Magical Staves
 p - a staff of poison
Jewellery
 e - a +6 ring of strength (left hand)
 j - a +4 ring of protection (right hand)
Wands
 c - a wand of paralysis (11)
 t - a wand of charming (10)
Scrolls
 b - a scroll of teleportation
 f - 3 scrolls of amnesia {unknown}
 h - 2 scrolls of fog {unknown}
 l - a scroll of summoning {unknown}
 o - 5 scrolls of identify {unknown}
 q - a scroll of brand weapon {unknown}
 r - 2 scrolls of enchant weapon {unknown}
 u - 2 scrolls of magic mapping {unknown}
 v - a scroll of enchant armour {unknown}
Potions
 g - 4 potions of heal wounds {unknown}
 i - 5 potions of flight {unknown}
 m - a potion of attraction {unknown}
 n - a potion of mutation {unknown}
 s - a potion of ambrosia {unknown}
 w - 2 potions of curing {unknown}
 x - a potion of brilliance {unknown}
 A - a potion of haste {unknown}


   Skills:
 - Level 4.0 Fighting
 + Level 4.6(4.8) Short Blades
 - Level 2.0(3.5) Long Blades
 - Level 1.0 Maces & Flails
 - Level 1.0 Dodging
 + Level 8.8 Stealth
 + Level 1.9 Shields
 + Level 3.5 Hexes
 + Level 4.4 Invocations
 - Level 1.0 Evocations


You had 6 spell levels left.
You knew the following spells:

 Your Spells              Type           Power      Damage    Failure   Level
a - Corona                Hex            10%        N/A       77%         1

Your spell library contained the following spells:

 Spells                   Type           Power      Damage    Failure   Level
 Animate Skeleton         Necr           0%         N/A       99%         1
 Apportation              Tloc           0%         N/A       99%         1
 Summon Small Mammal      Summ           0%         N/A       99%         1


Dungeon Overview and Level Annotations

Branches:
Dungeon (9/15)             Temple (1/1) D:4
   Lair: D:8-11         Orc: D:9-12

Altars:
Ashenzari
Dithmenos
Elyvilon
Gozag
Kikubaaqudgha
Makhleb
Nemelex Xobeh
Okawaru
Ru
Sif Muna
Trog
Uskayaw
Vehumet
Xom
Yredelemnul
Zin

Annotations:
D:3 2 runed translucent doors, coffeespoons's ghost, amateur OpIE
D:5 exclusion: two-headed ogre, Menkaure
D:6 2 transporters, Maggie
D:7 1 runed translucent door
D:9 exclusion: centaur warrior


Innate Abilities, Weirdness & Mutations

Your serpentine skin is tough. (AC +2)
You have supernaturally acute eyesight. (SInv)
Armour fits poorly on your strangely shaped body.
Your system is resistant to poisons. (rPois)
You cover ground very slowly.
You can spit poison.
You have a snake-like lower body.


Message History

The howler monkey howls!
You hear a howl!
The howler monkey hoots and howls with incredible vigour!
You hear a shout! x4
The howler monkey hoots and howls with incredible vigour!
The howler monkey completely misses you.
You have got your breath back.
You block the howler monkey's attack. The howler monkey hits you.
You hit the howler monkey.
The howler monkey is severely wounded.
The howler monkey hoots and howls with incredible vigour!
You hit the howler monkey.
The howler monkey is almost dead.
The howler monkey hits you but does no damage.
The howler monkey hoots and howls with incredible vigour!
You block the howler monkey's attack.
You hear a shout!
You hit the howler monkey.
You kill the howler monkey!
Sif Muna accepts your kill.
You block the howler monkey's attack. x2
You hit the howler monkey but do no damage.
Lightning courses through the howler monkey!!
You kill the howler monkey!
Sif Muna accepts your kill.
The centaur warrior wields a +0 longbow.
The centaur warrior shoots an arrow.
The arrow hits you!
You see here a howler monkey corpse.
The centaur warrior shoots an arrow.
The arrow hits you!!
Okay, then.
As you read the scroll of teleportation, it crumbles to dust.
You feel strangely unstable.
The centaur warrior shoots an arrow.
The arrow hits you!!
* * * LOW HITPOINT WARNING * * *
The centaur warrior shoots an arrow.
You block the arrow.
Unknown command.
Okay, then.
The centaur warrior shoots an arrow.
You block the arrow.
You see here a howler monkey corpse.
The centaur warrior shoots an arrow.
The arrow hits you!
You die...

#..........#
#..........#
#..........#
#..........#
#..........#
#..........##.
#.............
#....†..?.....
#.....@.......
#.......#.....
######.####c#
....
#...##....#.# ...
#...#####...#.#'#
#.......#...$...#
###.....#.#.#.###
#.......###.###
##....##.......


You could see a centaur warrior.

Vanquished Creatures
  2 black bears
  A hornet zombie (D:7)
  An ogre (D:3)
  A scorpion (D:6)
  A water moccasin zombie (D:5)
  3 wights (D:7)
  2 howler monkeys (D:9)
  A centaur zombie (D:7)
  A jelly (D:5)
  2 orc priests
  A hound (D:7)
  A bullfrog skeleton (D:7)
  3 iguanas
  3 orc wizards
  4 gnolls
  2 adders
  A shadow imp (D:7)
  A white imp (D:5)
  An ufetubus (D:4)
  A worm (D:2)
  5 dart slugs
  12 orcs
  4 endoplasms
  3 giant cockroaches
  A goblin (D:3)
  6 hobgoblins
  6 jackals
  5 quokkas
  5 ball pythons
  6 bats
  A frilled lizard (D:3)
  6 kobolds
  4 rats
97 creatures vanquished.

Notes
Turn   | Place    | Note
-------+----------+-------------------------------------------
     0 | D:1      | MajorAdolf the Naga Wanderer began the quest for the Orb.
     0 | D:1      | MajorAdolf set off with the following items: a +2 mace, a
                  | scroll of teleportation, a potion of lignification, a +0
                  | robe
     0 | D:1      | Reached XP level 1. HP: 22/22 MP: 1/1
    25 | D:1      | Reached skill level 2 in Stealth
   448 | D:1      | You fall into a shaft and drop 1 floor!
   681 | D:1      | Found a faded altar of an unknown god.
   733 | D:1      | Reached skill level 3 in Stealth
   733 | D:1      | Reached XP level 2. HP: 27/30 MP: 2/2
  1061 | D:1      | Reached skill level 4 in Stealth
  1620 | D:1      | Reached XP level 3. HP: 35/35 MP: 3/3
  1824 | D:2      | Found a shimmering blue altar of Sif Muna.
  1959 | D:2      | Reached skill level 1 in Short Blades
  1959 | D:2      | Reached skill level 5 in Stealth
  2139 | D:2      | You fall into a shaft and drop 1 floor!
  2194 | D:3      | Found a runed translucent door.
  2666 | D:2      | Reached XP level 4. HP: 43/44 MP: 4/4
  3278 | D:4      | Found a staircase to the Ecumenical Temple.
  3410 | Temple   | Entered the Ecumenical Temple
  3745 | Temple   | Became a worshipper of Sif Muna the Loreminder
  3848 | D:4      | Noticed a black bear
  3863 | D:4      | Killed a black bear
  3864 | D:4      | Reached skill level 6 in Stealth
  3864 | D:4      | Reached skill level 1 in Invocations
  3864 | D:4      | Reached XP level 5. HP: 41/50 MP: 4/6
  3960 | D:4      | Found a sparkling altar of Nemelex Xobeh.
  4228 | D:4      | Learned a level 1 spell: Corona
  4441 | D:4      | Found an opulent altar of Gozag.
  4518 | D:5      | Entered Level 5 of the Dungeon
  4547 | D:5      | Reached XP level 6. HP: 56/57 MP: 7/7
  4618 | D:5      | Noticed a two-headed ogre
  5112 | D:3      | Found a runed translucent door.
  5113 | D:3      | Noticed coffeespoons's ghost (amateur OpIE)
  5147 | D:3      | Reached skill level 7 in Stealth
  5147 | D:3      | Reached skill level 1 in Hexes
  6094 | D:5      | Reached XP level 7. HP: 61/64 MP: 9/9
  6273 | D:5      | Found a hide-covered altar of Uskayaw.
  6657 | D:5      | Noticed Menkaure
  7340 | D:6      | Found a shadowy altar of Dithmenos.
  7341 | D:6      | Noticed a boulder beetle
  7344 | D:6      | Found a transporter.
  7344 | D:6      | Noticed a wraith
  7350 | D:6      | Found a transporter.
  7465 | D:6      | Noticed Maggie
  8043 | D:7      | Reached skill level 8 in Stealth
  8270 | D:7      | Reached skill level 1 in Shields
  8717 | D:7      | Reached XP level 8. HP: 39/72 MP: 6/11
  9100 | D:7      | Found a runed translucent door.
  9147 | D:7      | Found a basalt altar of Yredelemnul.
  9505 | D:7      | You fall into a shaft and drop 2 floors!
  9510 | D:9      | Noticed a centaur warrior
  9578 | D:9      | Shot with an arrow by a centaur warrior

Illustrated notes

Levels and vault maps discovered:
D:1:      giann_bridges, layout_basic, hellmonk_ecumenical_altar_run_dry
D:2:      layout_basic, basic_altar, minmay_misc_feat_encased
D:3:      layout_basic, ebering_ghost_sewer_f
D:4:      layout_loops_ring, mainiacjoe_overflow_alcove_2,
          nemelex_spade_bored_becter, minmay_temple_entry_statues_fountains
D:5:      layout_gridville, eat_drink_and_be_merry_uskayaw, uniq_menkaure
D:6:      layout_basic, gammafunk_temple_overflow_arena,
          chequers_serial_rivers_large_b, uniq_crazy_yiuf_cottage, uniq_maggie
D:7:      layout_basic, dk_yredelemnul_ordeal, nicolae_hepliaklqana_hippocampus
D:9:      layout_basic, hiddenorc1_lemuel
Temple:   minmay_temple_curvy_loop

Skill      XL: |  1  2  3  4  5  6  7 |
---------------+----------------------+-----
Stealth        | 3 4 5 6 7 8 |  8.8
Short Blades   | 1 2 3 4 |  4.6
Invocations    | 1 2 3 4 |  4.4
Hexes          | 1 3 |  3.5
Shields        | 1 |  1.9
Fighting       | |  4.0
Long Blades    | |  2.0
Maces & Flails | |  1.0
Dodging        | |  1.0
Evocations     | |  1.0

Action                   |  1- 3 |  4- 6 |  7- 9 || total
-------------------------+-------+-------+-------++-------
Melee: Mace              |    45 |       |       ||    45
       Dagger            |    57 |   133 |   146 ||   336
 Cast: Corona            |       |       |     6 ||     6
 Abil: Spit Poison       |     3 |    13 |     6 ||    22
  Use: Potion            |       |     1 |       ||     1
       Scroll            |       |       |     3 ||     3
 Stab: Sleeping          |     6 |     4 |       ||    10
Armor: Robe              |    19 |    21 |    50 ||    90
       Skin              |       |    12 |       ||    12
Dodge: Dodged            |    56 |    51 |    35 ||   142
Block: Tower shield      |       |       |    78 ||    78
